 Dungeon Crawl Stone Soup version 0.31-a0-198-g2ad674f65e (webtiles) character file.

Game seed: 5513592697643662507

51 qw the Shooter (level 3, -4/20 HPs)
             Began as a Deep Elf Hunter on June 25, 2023.
             Slain by an iguana (11 damage)
             ... on level 4 of the Dungeon.
             The game lasted 00:00:21 (1163 turns).

qw the Shooter (Deep Elf Hunter)                    Turns: 1163, Time: 00:00:21

Health: -4/20      AC:  5    Str: 10    XL:     3   Next: 57%
Magic:  5/5        EV: 12    Int: 16    God:
Gold:   86         SH:  0    Dex: 18    Spells: 2/2 levels left

rFire   . . .        Y - +0 shortbow
rCold   . . .        (shield currently unavailable)
rNeg    . . .        c - +0 leather armour
rPois   .            g - +1 helmet {Int+3}
rElec   .            (no cloak)
rCorr   .            (no gloves)
SInv    .            (no boots)
Will    .....        (no amulet)
Stlth   ++           (no ring)
HPRegen 0.23/turn    (no ring)
MPRegen 0.09/turn

%: no passive effects
@: no status effects
A: no striking features
a: no special abilities


You were on level 4 of the Dungeon.
You visited 1 branch of the dungeon, and saw 3 of its levels.

You collected 86 gold pieces.


   Skills:
 - Level 1.5 Fighting
 + Level 7.1 Ranged Weapons
 - Level 2.4 Dodging
 - Level 1.2 Stealth


You had 2 spell levels left.
You didn't know any spells.
Your spell library was empty.

Inventory:

Hand Weapons
 Y - a +0 shortbow (weapon)
Armour
 c - a +0 leather armour (worn)
 g - a +1 helmet of intelligence (worn)
 h - a +0 pair of boots
Scrolls
 a - 2 scrolls of teleportation
 f - a scroll of identify
 i - a scroll of brand weapon {unknown}
Potions
 b - a potion of cancellation {unknown}
 d - a potion of might {unknown}
 e - a potion of heal wounds {unknown}

Dungeon Overview and Level Annotations

Branches:
Dungeon (2/15)

Altars:

Shops:
D:1 =   D:4 !


Message History

The adder is almost dead.
You shoot an arrow. The arrow closely misses the adder.
You shoot an arrow. The arrow hits the adder!
You kill the adder!
Your Ranged Weapons skill increases to level 7!
An ufetubus comes into view.
The ufetubus shouts!
You shoot an arrow. The arrow hits the ufetubus!
You kill the ufetubus!
An iguana comes into view.
The iguana hisses angrily.
You shoot an arrow. The arrow hits the iguana.
The iguana is moderately wounded.
You shoot an arrow. The arrow hits the iguana.
The iguana is heavily wounded.
You shoot an arrow.
The arrow hits the iguana but does no damage.
The iguana is heavily wounded.
You shoot an arrow. The arrow closely misses the iguana.
The iguana closely misses you.
You shoot an arrow. The arrow hits the iguana.
The iguana is severely wounded.
The iguana bites you.
You shoot an arrow. The arrow closely misses the iguana.
The iguana bites you but does no damage.
You shoot an arrow.
The arrow hits the iguana but does no damage.
The iguana is severely wounded.
The iguana closely misses you.
You shoot an arrow. The arrow hits the iguana.
The iguana is severely wounded.
The iguana bites you!
Ouch! That really hurt!
The iguana closely misses you.
You shoot an arrow. The arrow closely misses the iguana.
The iguana bites you but does no damage.
You shoot an arrow. The arrow barely misses the iguana.
The iguana bites you!
Ouch! That really hurt!
You die...

########............
....................
#####..........%...
#...###........
#...###....#...
#..........#..#
#.............#
#..............
#...@......#...
#...l##....###.
#............
.....#..#...#+#
....... ........
#...... ........
#...... .....
####+#. #....\


You could see an iguana.

Vanquished Creatures
  2 adders
  An ufetubus (D:4)
  2 dart slugs
  2 endoplasms (D:1)
  2 goblins (D:1)
  4 hobgoblins
  2 jackals (D:1)
  2 bats
  A frilled lizard (D:1)
  2 kobolds (D:1)
  5 rats
25 creatures vanquished.

Notes
Turn   | Place    | Note
-------+----------+-------------------------------------------
     0 | D:1      | qw the Deep Elf Hunter began the quest for the Orb.
     0 | D:1      | Reached XP level 1. HP: 12/12 MP: 3/3
     0 | D:1      | 0 ||| qw: Version: 0.3-a-22-g0ed2b0b
     0 | D:1      | 0 ||| qw: Game counter: 4985
     0 | D:1      | 0 ||| qw: Melee chars always use a shield: true
     0 | D:1      | 0 ||| qw: God list: Okawaru
     0 | D:1      | 0 ||| qw: Allow faded altars: false
     0 | D:1      | 0 ||| qw: Do Orc after clearing Dungeon:15 true
     0 | D:1      | 0 ||| qw: Do second Lair branch before Depths: true
     0 | D:1      | 0 ||| qw: Lair rune preference: random
     0 | D:1      | 0 ||| qw: Goals: Normal
     0 | D:1      | 0 ||| PLANNING D:1-11
   125 | D:1      | Found Lexzamp's One-of-a-Kind Rings.
   131 | D:1      | 131 ||| SHOPLISTING +1 ring of dexterity (22 gold, have
                  | 10).
   131 | D:1      | 131 ||| SHOPLISTING ring "Qiasio Ovic" {rCorr Str+5} (412
                  | gold, have 10).
   131 | D:1      | 131 ||| SHOPLISTING ring of Ceaqikeffo {rElec rC++ Will+
                  | Slay-5 SInv} (436 gold, have 10).
   134 | D:1      | Reached skill level 6 in Ranged Weapons
   134 | D:1      | Reached XP level 2. HP: 16/16 MP: 4/4
   579 | D:1      | Found a faded altar of an unknown god.
   647 | D:1      | 647 ||| UPGRADING to +1 helmet of intelligence.
   652 | D:1      | 652 ||| READING 3 scrolls labelled ZACU ZOLUWO.
   657 | D:1      | 657 ||| READING 2 scrolls labelled ZECUOF ELLAUD.
   658 | D:1      | 658 ||| DROPPING scroll of butterflies.
   690 | D:2      | Reached XP level 3. HP: 20/20 MP: 5/5
  1131 | D:2      | You fall into a shaft and drop 2 floors!
  1146 | D:4      | Reached skill level 7 in Ranged Weapons
  1153 | D:4      | Found Uvuis's Distillery.
  1163 | D:4      | Slain by an iguana

Levels and vault maps discovered:
D:1:      ncdulo_halloftheorcs, layout_basic, dreamdust_ecumenical_altar_grove,
          nicolae_shop_unique_rings
D:2:      layout_basic, minmay_misc_feat_enclosed
D:4:      layout_basic, amcnicky_altar_gilded, serial_shops, shop, uniq_robin,
          uniq_edmund

Skill      XL: |  1  2  3 |
---------------+----------+-----
Ranged Weapons | 6 7 |  7.1
Fighting       | |  1.5
Dodging        | |  2.4
Stealth        | |  1.2

Action                     || total
---------------------------++-------
   Fire: Shortbow          ||    74
    Use: Scroll            ||     2
 Armour: Leather armour    ||     8
  Dodge: Dodged            ||    13

Table legend:
 A = Non-vault XP
 B = Vault XP
 C = Vault XP percentage of total XP
 D = Non-vault monster count
 E = Vault monster count
 F = Vault count percentage of total count
                 A         B        C        D         E       F
            +---------+---------+-------+---------+---------+-------
      Total |      73 |       0 |   0.0 |      25 |       0 |   0.0
            +---------+---------+-------+---------+---------+-------
        D:1 |      28 |       0 |   0.0 |      17 |       0 |   0.0
        D:2 |      24 |       0 |   0.0 |       6 |       0 |   0.0
        D:4 |      21 |       0 |   0.0 |       2 |       0 |   0.0
            +---------+---------+-------+---------+---------+-------
